Map: Prion Terraces

Players

petstorehero - Winner!

  • Race: Zerg Zerg
  • League: Diamond

LilDicky

  • Race: Terran Terran
  • League: Diamond

VOD

http://www.twitch.tv/tumescentpie

Description

Time

  • Played on: Dec. 7, 2015, 4:32 p.m.
  • Length: 8:32
Show
View Real Time Build Order
Export as new Build Order

petstorehero Zerg - Winner!

Build Orders: Hatch First 

Get SALT Encoding   

  12  0:02  Drone  
  13  0:09  Drone  
  14  0:15  Drone, Extractor  
  15  0:39  Hatchery  
  14  0:43  Drone, Extractor  
  15  0:51  Overlord  
  15  1:09  Drone  
  15  1:10  Drone, Spawning Pool  
  16  1:14  Drone  
  17  1:20  Extractor  
  17  1:21  Drone  
  17  1:31  Drone  
  18  1:43  Drone  
  19  1:55  Drone x2  
  19  1:57  Queen x2  
  25  2:03  Zergling x2  
  25  2:06  Overlord  
  26  2:13  Drone  
  26  2:14  Drone  
  28  2:27  Roach Warren  
  28  2:28  Drone x2  
  29  2:38  Overlord x2  
  29  2:46  Drone  
  30  2:58  Queen  
  32  3:04  Lair  
  31  3:09  Zergling x2  
  31  3:12  Zergling x2  
  33  3:14  Drone  
  33  3:15  Drone x5  
  39  3:22  Spore Crawler  
  39  3:24  Spore Crawler  
  39  3:25  Drone  
  38  3:28  Drone  
  38  3:30  Extractor  
  38  3:36  Drone  
  38  3:41  Drone x3  
  42  3:43  Drone  
  42  3:44  Extractor  
  42  3:46  Drone  
  42  3:47  Drone  
  44  3:49  Drone  
  44  3:53  Metabolic Boost  
  45  4:00  Queen  
  47  4:09  Roach x2  
  51  4:12  Overlord  
  51  4:13  Glial Reconstitution  
  51  4:19  Overseer  
  51  4:26  Overlord x2  
  51  4:31  Roach  
  51  4:32  Roach x2  
  55  4:50  Extractor  
  55  4:51  Drone x3  
  57  4:55  Roach  
  57  4:56  Roach x4  
  67  5:09  Roach  
  67  5:11  Overlord  
  63  5:22  Overlord  
  63  5:23  Overlord x2  
  63  5:36  Hatchery  
  61  5:51  Drone  
  61  5:52  Drone x4  
  67  5:57  Drone  
  67  6:02  Evolution Chamber  
  66  6:05  Evolution Chamber  
  66  6:09  Drone x2, Spire  
  66  6:10  Drone x2  
  66  6:13  Hatchery  
  53  6:35  Hatchery  
  52  6:40  Queen x2  
  56  6:48  Overlord  
  56  6:49  Drone x3  
  59  6:54  Overlord  
  59  6:55  Drone  
  59  6:56  Drone  
  59  6:59  Drone  
  59  7:00  Drone  
  63  7:01  Drone  
  64  7:10  Drone x2  
  66  7:17  Overlord x2  
  66  7:24  Zergling x4  
  66  7:27  Zergling x2  
  69  7:30  Extractor x2  
  67  7:37  Baneling Nest, Ravager x2  
  67  7:38  Ravager  
  67  7:39  Zergling x10  
  74  7:44  Zergling x2  
  74  7:45  Zergling x2  
  74  7:48  Zergling x4  
  74  7:50  Infestation Pit  
  77  7:51  Zergling x2  
  77  7:52  Zergling x6  
  77  7:54  Overseer  
  77  7:58  Drone x3  
  84  7:59  Drone x2  
  84  8:03  Zergling x6  
  89  8:09  Zergling x4  
  89  8:10  Zergling x6  
Show
View Real Time Build Order
Export as new Build Order

LilDicky Terran 

Build Orders: 1/1/1, Liberator Opening, Mech 

Get SALT Encoding   

  12  0:01  SCV  
  13  0:13  SCV  
  14  0:18  Supply Depot  
  14  0:25  SCV  
  15  0:34  Refinery  
  15  0:40  SCV  
  16  0:46  Barracks  
  16  0:52  SCV  
  17  1:02  Refinery  
  18  1:04  SCV  
  18  1:16  SCV  
  19  1:35  Orbital Command, Marine  
  19  1:36  Factory  
  20  1:43  Supply Depot  
  20  1:53  Barracks Reactor  
  20  2:01  SCV  
  21  2:19  Armory  
  21  2:23  Starport  
  21  2:24  Factory Tech Lab, SCV  
  21  2:29  Marine x2  
  24  2:36  SCV  
  25  2:43  Supply Depot  
  25  2:47  Marine  
  25  2:48  SCV  
  27  3:01  SCV  
  27  3:02  Supply Depot  
  28  3:15  Thor  
  34  3:21  Medivac  
  34  3:23  Marine  
  37  3:27  Marine  
  37  3:34  SCV, Liberator  
  39  3:40  Supply Depot  
  39  3:46  SCV  
  40  3:49  Marine  
  40  3:50  Marine  
  45  3:58  SCV  
  46  4:07  Marine  
  46  4:08  Supply Depot, Marine  
  48  4:10  SCV  
  48  4:13  Siege Tank  
  52  4:26  SCV  
  52  4:30  Liberator  
  45  5:19  Thor  
  48  5:26  Marine x2  
  43  5:31  Command Center  
  43  5:38  Medivac  
  45  5:44  SCV  
  46  5:56  SCV  
  47  5:57  Refinery  
  47  5:58  Refinery  
  47  6:03  Command Center  
  47  6:08  Marine  
  40  6:32  SCV  
  41  6:38  Factory  
  41  6:40  Factory  
  41  6:45  SCV  
  42  6:50  Thor  
  42  6:51  Command Center  
  48  6:57  SCV  
  49  7:06  Supply Depot x2  
  49  7:09  SCV, Starport Reactor  
  50  7:18  Orbital Command  
  50  7:21  SCV  
  51  7:28  Factory Reactor  
  51  7:29  Factory Tech Lab  
  51  7:33  SCV  
  52  7:44  Thor  
  52  7:47  SCV  
  52  7:48  SCV  
  66  8:15  Engineering Bay  
Tags
 
Add a new tag
Caveats
  • Supply blocks, unpowered buildings, or Contaminate may cause inaccurate times.
  • Supply counts are checked every 10 seconds.